 Dungeon Crawl Stone Soup version 0.24-a0-464-g6b2be6b8c7 (webtiles) character file.

Game seed: 3491875763234227163

2553 DasRunzen the Fighter (level 9, -5/82 HPs)
             Began as a Minotaur Fighter on July 3, 2019.
             Killed from afar by an orc wizard (8 damage)
             ... with a magic dart
             ... on level 7 of the Dungeon.
             The game lasted 00:11:54 (5757 turns).

DasRunzen the Fighter (Minotaur Fighter)            Turns: 5757, Time: 00:11:54

Health: -5/82      AC:  3    Str: 30    XL:     9   Next: 31%
Magic:  17/17      EV:  9    Int:  5    God:
Gold:   345        SH: 13    Dex:  9    Spells: 8/8 levels left

rFire    . . .     SeeInvis +   b - +4 flail of Kikubaaqudgha {pain, MP+9 SInv}
rCold    . . .     Gourm    .   c - +1 shield
rNeg     . . .     Faith    .   n - +0 scale mail
rPois    .         Spirit   .   (helmet restricted)
rElec    .         Reflect  .   (no cloak)
rCorr    .         Harm     .   w - +2 pair of gloves
MR       .....                  (no boots)
Stlth    ..........             l - amulet of magic regeneration
HPRegen  0.23/turn              (no ring)
MPRegen  0.40/turn              (no ring)

@: mighty, lethally poisoned (-5 -> -26), corroded
A: retaliatory headbutt, horns 2
a: no special abilities


You were on level 7 of the Dungeon.
You were near starving.

You visited 2 branches of the dungeon, and saw 8 of its levels.

You collected 345 gold pieces.

Inventory:

Hand Weapons
 b - the +4 flail of Kikubaaqudgha (weapon) {pain, MP+9 SInv}
   (You found it on level 4 of the Dungeon)

   In the hands of one skilled in necromantic magic, it inflicts extra damage on
   living creatures.
   It affects your magic capacity (+9).
   It lets you see invisible.
 p - a +4 war axe
Missiles
 k - 4 boomerangs of dispersal (quivered)
Armour
 c - a +1 shield (worn)
 n - a +0 scale mail (worn)
 w - a +2 pair of gloves (worn)
Jewellery
 l - an amulet of magic regeneration (around neck)
Wands
 q - a wand of polymorph (9)
Scrolls
 g - a scroll of remove curse
 m - 2 scrolls of fog
 u - a scroll of teleportation
Potions
 d - a potion of might
 e - a potion of magic
 h - 3 potions of heal wounds
 i - 2 potions of haste
 j - 2 potions of cancellation {unknown}
 o - a potion of curing {unknown}
 r - a potion of mutation {unknown}
 v - a potion of brilliance {unknown}
Comestibles
 f - 8 rations


   Skills:
 + Level 8.4 Fighting
 - Level 5.2(6.4) Axes
 + Level 5.7(6.6) Maces & Flails
 + Level 8.4 Armour
 + Level 8.4 Shields


You had 8 spell levels left.
You didn't know any spells.
Your spell library was empty.

Dungeon Overview and Level Annotations

Branches:
Dungeon (7/15)             Temple (1/1) D:4

Altars:
Ashenzari
Cheibriados
Dithmenos
Elyvilon
Gozag
Hepliaklqana
Nemelex Xobeh
Okawaru
Qazlal
Ru
Sif Muna
Uskayaw
Vehumet
Wu Jian
Yredelemnul
Zin
The Shining One

Annotations:
D:3 3 runed translucent doors, alpinistek's ghost, amateur DsFE; xoxolimbo's ghost, amateur DsFE


Innate Abilities, Weirdness & Mutations

You reflexively headbutt those who attack you in melee.
You have a pair of horns on your head.


Message History

You kill the orc!
The wight hits you but does no damage.
The orc wizard hits you with a +6 dagger of venom.
* * * LOW HITPOINT WARNING * * *
You are lethally poisoned!
You hit the jelly.
Your hands burn!
* * * LOW HITPOINT WARNING * * *
You headbutt the jelly!
The jelly is severely wounded.
* * * LOW HITPOINT WARNING * * *
You feel sick. The jelly hits you.
* * * LOW HITPOINT WARNING * * *
The acid corrodes you!
You are splashed with acid.
* * * LOW HITPOINT WARNING * * *
The orc wizard hits you with a +6 dagger of venom.
* * * LOW HITPOINT WARNING * * *
You are more poisoned.
The orc wizard casts a spell at you. The magic dart hits you!
You die...

.... ....
#..####### #
##....#...##
..#..........#
..'......o..#
#...J))...##
#...z@)....#
##..o##(..##
#... #...##
#... #....#
#?.. #....#
+... #....#
#...
#...##########
.###########...
#...##.......#
..........#
#...##.......#


You could see a jelly, a wight and 2 orc wizards.

Vanquished Creatures
  Joseph (D:7)
  Grinder (D:3)
  Eustachio (D:5)
  A water moccasin (D:5)
  An orc warrior (D:6)
  A phantom (D:4)
  A sky beast (D:6)
  A necrophage (D:6)
  An ogre (D:4)
  3 centaurs
  A bullfrog (D:6)
  2 scorpions
  3 killer bees (D:6)
  6 wights
  2 howler monkeys
  A centaur zombie (D:5)
  A hound (D:6)
  3 orc wizards
  4 orc priests
  2 bullfrog skeletons
  Terence (D:3)
  3 worker ants
  5 adders
  2 shadow imps (D:6)
  5 worms
  2 dart slugs
  A leopard gecko (D:7)
  17 orcs
  6 bats
  3 giant cockroaches
  5 goblins
  4 hobgoblins
  A quokka (D:4)
  3 frilled lizards
  8 kobolds
  2 leopard gecko zombies (D:5)
  8 rats
113 creatures vanquished.

Vanquished Creatures (others)
  An orc wizard (D:7)
  An adder (D:4)
2 creatures vanquished.

Grand Total: 115 creatures vanquished

Notes
Turn   | Place    | Note
-------+----------+-------------------------------------------
     0 | D:1      | DasRunzen the Minotaur Fighter began the quest for the Orb.
     0 | D:1      | Reached XP level 1. HP: 19/19 MP: 0/0
   398 | D:1      | Reached XP level 2. HP: 26/27 MP: 1/1
   896 | D:2      | Reached XP level 3. HP: 30/33 MP: 2/2
  1319 | D:2      | Found an iron altar of Okawaru.
  1445 | D:3      | Found a runed translucent gate.
  1445 | D:3      | Found a runed translucent gate.
  1445 | D:3      | Found a runed translucent gate.
  1449 | D:3      | Noticed xoxolimbo's ghost (amateur DsFE)
  1449 | D:3      | Noticed alpinistek's ghost (amateur DsFE)
  1522 | D:3      | Found a shattered altar of Ashenzari.
  1610 | D:3      | Reached XP level 4. HP: 41/41 MP: 3/3
  1693 | D:3      | Noticed Terence
  1705 | D:3      | Killed Terence
  1801 | D:3      | Noticed Grinder
  1810 | D:3      | Paralysed by Grinder for 3 turns
  1815 | D:3      | Killed Grinder
  1815 | D:3      | Reached skill level 5 in Fighting
  1815 | D:3      | Reached skill level 5 in Armour
  1815 | D:3      | Reached skill level 5 in Shields
  1815 | D:3      | Reached XP level 5. HP: 23/48 MP: 4/4
  1815 | D:3      | Reached XP level 6. HP: 27/56 MP: 5/5
  2324 | D:4      | Found a white marble altar of Elyvilon.
  2395 | D:4      | Found a radiant altar of Vehumet.
  2432 | D:4      | Reached XP level 7. HP: 36/62 MP: 6/6
  2439 | D:4      | Found a stormy altar of Qazlal.
  2513 | D:4      | Reached skill level 5 in Axes
  2761 | D:4      | Got a dazzling flail
  2762 | D:4      | Identified the +4 flail of Kikubaaqudgha {pain, MP+9 SInv}
                  | (You found it on level 4 of the Dungeon)
  2808 | D:4      | Found a staircase to the Ecumenical Temple.
  2822 | Temple   | Entered the Ecumenical Temple
  3377 | D:5      | Entered Level 5 of the Dungeon
  3388 | D:5      | Noticed Eustachio
  3408 | D:5      | Killed Eustachio
  3408 | D:5      | Reached skill level 1 in Maces & Flails
  3672 | D:5      | Reached XP level 8. HP: 14/71 MP: 7/7
  5384 | D:6      | Reached XP level 9. HP: 25/80 MP: 8/8
  5388 | D:6      | Reached skill level 5 in Maces & Flails
  5392 | D:6      | HP: 4/80 [poisoned by a killer bee]
  5741 | D:7      | Noticed Joseph
  5756 | D:7      | Killed Joseph
  5757 | D:7      | HP: 4/82 [acid (5)]
  5757 | D:7      | Killed from afar by an orc wizard

Levels and vault maps discovered:
D:1:      lemuel_arrival_broad_hall, layout_loops_cross
D:2:      layout_basic, nicolae_overflow_hidden_temple, first_ration
D:3:      layout_loops_ring, gammafunk_ghost_cemetery,
          cheibrodos_ashenzari_chains, uniq_terence, uniq_grinder
D:4:      layout_loops_ring, overflow_temple_1_default, fiery_altar_vehumet,
          lemuel_temple_firewalk_b, nicolae_qazlal_general_emergency
D:5:      layout_loops_corners, minivault_23, uniq_eustachio
D:6:      layout_gridville
D:7:      layout_gridville, overflow_temple_1_default,
          grunt_temple_overflow_open, uniq_joseph, uniq_crazy_yiuf_cottage
Temple:   cyrus_circular_temple

Skill      XL: |  1  2  3  4  5  6  7  8  9 |
---------------+----------------------------+-----
Armour         | 4 5 6 7 8 |  8.4
Shields        | 4 5 6 8 |  8.4
Fighting       | 4 5 6 7 8 |  8.4
Axes           | 3 4 5 |  5.2
Maces & Flails | 2 4 5 |  5.7

Action                   |  1- 3 |  4- 6 |  7- 9 || total
-------------------------+-------+-------+-------++-------
Melee: War axe           |   166 |    68 |    14 ||   248
       Headbutt          |    11 |     8 |    41 ||    60
       Flail             |       |       |   180 ||   180
  Use: Scroll            |     2 |     3 |     7 ||    12
       Potion            |       |       |     2 ||     2
  Eat: Chunk             |     3 |     2 |     6 ||    11
       Ration            |       |       |     1 ||     1
Armor: Scale mail        |    73 |    17 |   105 ||   195
Dodge: Dodged            |    52 |    13 |    55 ||   120
Block: Shield            |    91 |    28 |   159 ||   278

Table legend:
 A = Non-vault XP
 B = Vault XP
 C = Vault XP percentage of total XP
 D = Non-vault monster count
 E = Vault monster count
 F = Vault count percentage of total count
                 A         B        C        D         E       F
            +---------+---------+-------+---------+---------+-------
      Total |    2764 |     884 |  24.2 |     109 |       4 |   3.5
            +---------+---------+-------+---------+---------+-------
        D:1 |      20 |       0 |   0.0 |      11 |       0 |   0.0
        D:2 |      40 |       0 |   0.0 |      14 |       0 |   0.0
        D:3 |      52 |     303 |  85.4 |      20 |       2 |   9.1
        D:4 |     513 |       0 |   0.0 |      14 |       0 |   0.0
        D:5 |     446 |     211 |  32.1 |      10 |       1 |   9.1
        D:6 |    1317 |       0 |   0.0 |      30 |       0 |   0.0
        D:7 |     376 |     370 |  49.6 |      10 |       1 |   9.1
            +---------+---------+-------+---------+---------+-------
